 Dungeon Sprint DCSS version 0.29-a0-870-g2c972031a6 (webtiles) character file.

Game seed: 1841743994140088676

18384 manyhoops the Wrestler (level 12, -4/214 HPs)
             Began as a Troll Berserker on July 17, 2022.
             Was the Champion of Trog.
             Slain by a golden dragon (11 damage)
             ... in the Dungeon (Sprint II: "The Violet Keep of Menkaure").
             The game lasted 00:10:52 (1087 turns).

manyhoops the Wrestler (Troll Berserker)            Turns: 1087, Time: 00:10:53

Health: -4/214     AC:  8    Str: 32    XL:     12   Next: 27%
Magic:  11/11      EV:  9    Int:  3    God:    Trog [******]
Gold:   60         SH:  0    Dex: 15    Spells: 11/11 levels left

rFire   . . .      SeeInvis .     - Unarmed
rCold   + + .      Faith    .   (no shield)
rNeg    . . .      Spirit   .   D - +0 ice dragon scales
rPois   .          Reflect  .   (helmet restricted)
rElec   .          Harm     .   H - +1 cloak {rCorr}
rCorr   +          Rampage  .   (gloves unavailable)
Will    ++...      NoTele   +   (boots unavailable)
Stlth   ..........              (no amulet)
HPRegen 2.25/turn               q - ring of protection from fire
MPRegen 0.12/turn               i - +6 ring of dexterity

@: mighty, berserking, strong-willed, flying (expiring), regenerating, studying
Fighting, very quick
A: large, unfitting armour, claws 3, regeneration 1, shaggy fur 1, tough skin 1,
deformed body, subdued magic 1, inability to drink while threatened 1
a: Renounce Religion, Berserk, Trog's Hand, Brothers in Arms


You were in the Dungeon.
You worshipped Trog.
Trog was exalted by your worship.
You visited 1 branch You collected 2125 gold pieces.
You spent 2065 gold pieces at shops.

Inventory:

Armour
 a - a +0 animal skin
 y - a +0 cloak
 D - +0 ice dragon scales (worn)
 F - a scarf of repulsion
 G - a scarf of shadows
 H - a +1 cloak of preservation (worn)
Jewellery
 i - a +6 ring of dexterity (right claw)
 k - a ring of willpower
 p - a +4 ring of protection
 q - a ring of protection from fire (left claw)
 r - a ring of resist corrosion
Wands
 E - a wand of paralysis (5)
Scrolls
 g - 3 scrolls of blinking
 m - a scroll of fear
 n - 2 scrolls of enchant armour
 s - a scroll of amnesia
 t - 2 scrolls of magic mapping
 v - 2 scrolls of torment
 w - a scroll of poison
 z - a scroll of brand weapon
 A - a scroll of enchant weapon {unknown}
 J - a scroll of summoning {unknown}
Potions
 b - 3 potions of curing
 c - 2 potions of heal wounds
 d - 2 potions of haste
 e - 5 potions of magic
 f - a potion of berserk rage
 h - 2 potions of resistance
 l - 5 potions of flight
 o - a potion of attraction
 u - a potion of invisibility
 x - a potion of ambrosia
 B - a potion of lignification
 C - 4 potions of mutation
 I - a potion of degeneration {unknown}


   Skills:
 + Level 15.6 Fighting
 - Level 2.4 Dodging
 + Level 25.6 Unarmed Combat


You had 11 spell levels left.
You didn't know any spells.
Your spell library was empty.

Dungeon Overview and Level Annotations

Branches:
Dungeon (1/1)

Altars:
Cheibriados
Dithmenos
Elyvilon
Fedhas
Gozag
Hepliaklqana
Kikubaaqudgha
Makhleb
Nemelex Xobeh
Okawaru
Qazlal
Ru
Sif Muna
Trog
Uskayaw
Vehumet
Wu Jian
Xom
Yredelemnul
Zin
The Shining One
Jiyva
Lugonu

Shops:
D [(:=([[([=(*=[*:![!*[[*?(=!(::*

Annotations:
D exclusions: obsidian statue and oklob plant


Innate Abilities, Weirdness & Mutations

You are too large for most types of armour.
You have claws for hands.
Your natural rate of healing is unusually fast.
You are covered in fur. (AC +1)
You have tough skin. (AC +1)
Armour fits poorly on your strangely shaped body.
Your spells are a little easier to cast, but a little less powerful.
You occasionally lose the ability to drink potions when taking damage.


Message History

* * * LOW HITPOINT WARNING * * *
You are shoved backwards!
You mangle the bone dragon!!
The bone dragon is heavily damaged.
You mangle the bone dragon!!
The bone dragon is severely damaged.
You eviscerate the bone dragon!!!
The bone dragon is almost destroyed.
The bone dragon bites you!
* * * LOW HITPOINT WARNING * * *
The bone dragon claws you.
* * * LOW HITPOINT WARNING * * *
The bone dragon tramples you.
* * * LOW HITPOINT WARNING * * *
You hold your ground!
Unknown command.
Unknown command.
You are too injured to fight recklessly!
You are too injured to fight recklessly!
You are too injured to fight recklessly!
You claw the bone dragon!
You destroy the bone dragon!
Trog accepts your kill.
The cacodemon hits you but does no damage.
The cacodemon hits you.
* * * LOW HITPOINT WARNING * * *
The golden dragon barely misses you. The golden dragon claws you!
* * * LOW HITPOINT WARNING * * *
The golden dragon tramples you but does no damage.
There is an entrance to Fabbuuni's Jewellery Shop here.
You eviscerate the cacodemon!!!
The cacodemon is heavily wounded.
You mangle the cacodemon!!
The cacodemon is severely wounded.
The golden dragon bites you!!
* * * LOW HITPOINT WARNING * * *
The golden dragon claws you!
* * * LOW HITPOINT WARNING * * *
The golden dragon tramples you!
You die...

###################
#....)÷D2.#∩.∩∩∩'.'
#.....)#.÷#######.#
#D######+##..####'#
#2@∩∩∩∩#..).##≈≈≈≈≈
#∩∩∩∩∩∩#..###≈≈≈≈≈≈
#########2.+○○○§○≈°
#...####°§§°§≈
eD2.....≈##§§☼☼°
############≈≈#+++#+
###########≈≈≈..).).
##....∩.∩.#≈≈≈≈.##)#
##...∩.∩..#≈≈≈≈##)..


You could see a golden dragon and a cacodemon.

Vanquished Creatures
  A golden dragon (D)
  A bone dragon (D)
  A kraken (D)
  2 sphinxes (D)
  Kirke (D)
  A storm dragon (D)
  An ice dragon (D)
  A yaktaur captain (D)
  2 boulder beetles (D)
  A centaur warrior (D)
  An iron elemental (D)
  A skeletal warrior (D)
  2 deep trolls (D)
  2 slime creatures (D)
  A merfolk siren (D)
  An elephant (D)
  2 unseen horrors (D)
  A kobold demonologist (D)
  A yaktaur (D)
  3 polar bears (D)
  A hornet (D)
  A blink frog (D)
  2 wyverns (D)
  4 neqoxecs (D)
  Menkaure (D)
  6 water moccasins (D)
  A necrophage (D)
  4 lava snakes (D)
  An iron imp (D)
  5 tentacles (D)
53 creatures vanquished.

Vanquished Creatures (others)
  A water moccasin (D)
  7 tentacles (D)
8 creatures vanquished.

Grand Total: 61 creatures vanquished

Notes
Turn   | Place    | Note
-------+----------+-------------------------------------------
     0 | D        | manyhoops the Troll Berserker began the quest for the Orb.
     0 | D        | Reached XP level 1. HP: 22/22 MP: 0/0
     1 | D        | Noticed a merfolk siren
     9 | D        | Killed a merfolk siren
    10 | D        | Reached skill level 10 in Unarmed Combat
    10 | D        | Reached XP level 2. HP: 29/41 MP: 1/1
    10 | D        | Reached XP level 3. HP: 34/48 MP: 2/2
    10 | D        | Reached XP level 4. HP: 40/57 MP: 3/3
    10 | D        | Reached XP level 5. HP: 45/63 MP: 4/4
    10 | D        | Reached XP level 6. HP: 52/72 MP: 5/5
    38 | D        | Noticed a wyvern
    38 | D        | Noticed a wyvern
    42 | D        | Killed a wyvern
    42 | D        | Reached ** piety under Trog
    43 | D        | Reached skill level 11 in Unarmed Combat
    45 | D        | Killed a wyvern
    46 | D        | Reached XP level 7. HP: 83/83 MP: 6/6
    83 | D        | Noticed a boulder beetle
    83 | D        | Noticed a boulder beetle
    92 | D        | Killed a boulder beetle
    93 | D        | Reached skill level 10 in Fighting
    93 | D        | Reached skill level 13 in Unarmed Combat
    93 | D        | Reached XP level 8. HP: 62/96 MP: 7/7
    97 | D        | Killed a boulder beetle
    98 | D        | Reached skill level 15 in Unarmed Combat
   138 | D        | Gained mutation: You occasionally lose the ability to drink
                  | potions when taking damage. [a neqoxec]
   143 | D        | Reached *** piety under Trog
   151 | D        | Reached XP level 9. HP: 63/106 MP: 8/8
   152 | D        | Gained mutation: Your spells are a little easier to cast,
                  | but a little less powerful. [a neqoxec]
   153 | D        | Noticed an obsidian statue
   153 | D        | Lost intelligence.
   177 | D        | Found a glowing silver altar of Zin.
   178 | D        | Found a glowing golden altar of the Shining One.
   178 | D        | Found a basalt altar of Yredelemnul.
   178 | D        | Found a hide-covered altar of Uskayaw.
   178 | D        | Found a radiant altar of Vehumet.
   179 | D        | Found a shimmering altar of Xom.
   179 | D        | Found a bloodstained altar of Trog.
   179 | D        | Found a burning altar of Makhleb.
   179 | D        | Found a sparkling altar of Nemelex Xobeh.
   180 | D        | Found an ornate altar of the Wu Jian Council.
   180 | D        | Found a shimmering blue altar of Sif Muna.
   180 | D        | Found a corrupted altar of Lugonu.
   180 | D        | Found a blossoming altar of Fedhas.
   180 | D        | Found an iron altar of Okawaru.
   180 | D        | Found an opulent altar of Gozag.
   181 | D        | Found a sacrificial altar of Ru.
   181 | D        | Found an ancient bone altar of Kikubaaqudgha.
   181 | D        | Found a white marble altar of Elyvilon.
   183 | D        | Found a stormy altar of Qazlal.
   183 | D        | Found a viscous altar of Jiyva.
   183 | D        | Found a shadowy altar of Dithmenos.
   184 | D        | Found a hazy altar of Hepliaklqana.
   184 | D        | Found a snail-covered altar of Cheibriados.
   193 | D        | Noticed a kraken
   201 | D        | Reached **** piety under Trog
   202 | D        | Reached skill level 16 in Unarmed Combat
   378 | D        | Killed a kraken
   379 | D        | Reached skill level 17 in Unarmed Combat
   433 | D        | Noticed a deep troll
   433 | D        | Noticed a deep troll
   436 | D        | Killed a deep troll
   437 | D        | Reached skill level 18 in Unarmed Combat
   437 | D        | Reached XP level 10. HP: 119/119 MP: 9/9
   439 | D        | Killed a deep troll
   475 | D        | Noticed a sphinx
   477 | D        | Noticed a sphinx
   482 | D        | Killed a sphinx
   483 | D        | Reached skill level 19 in Unarmed Combat
   491 | D        | Killed a sphinx
   491 | D        | Reached ***** piety under Trog
   492 | D        | Reached skill level 20 in Unarmed Combat
   548 | D        | Reached skill level 21 in Unarmed Combat
   548 | D        | Reached XP level 11. HP: 125/128 MP: 10/10
   578 | D        | Found Ujali's Distillery.
   579 | D        | Found Teenat's Magic Scroll Boutique.
   579 | D        | Found Ahoep's Assorted Antiques.
   579 | D        | Found Ugunaoh's Jewellery Boutique.
   579 | D        | Found Digg's Antique Armour Boutique.
   579 | D        | Found Cidilat's Assorted Antiques.
   579 | D        | Found Caham's Distillery.
   579 | D        | Found Kawem's Antique Armour Shop.
   579 | D        | Found Otenap's Antique Weapon Boutique.
   579 | D        | Found Nutsaxt's Weapon Shop.
   579 | D        | Found Zuebunlarr's Book Boutique.
   580 | D        | Found Ipheo's Weapon Boutique.
   581 | D        | Found Buzu's Jewellery Boutique.
   581 | D        | Found Ovokibea's Distillery.
   582 | D        | Noticed Menkaure
   582 | D        | Noticed an oklob plant
   583 | D        | Found Kuosm's Book Shoppe.
   584 | D        | Bought a potion of heal wounds for 60 gold pieces
   584 | D        | Bought a potion of might for 48 gold pieces
   586 | D        | Bought a scroll of identify for 20 gold pieces
   586 | D        | Bought a scroll of identify for 20 gold pieces
   586 | D        | Bought a scroll of identify for 20 gold pieces
   588 | D        | Bought a scroll of identify for 40 gold pieces
   588 | D        | Bought a scroll of identify for 40 gold pieces
   591 | D        | Bought a cloak for 99 gold pieces
   592 | D        | Bought a scroll labelled LUUCSA GOBESS for 30 gold pieces
   592 | D        | Bought a scroll labelled HAOLYNASIA for 30 gold pieces
   592 | D        | Bought a scroll labelled OROIRY CUDAYD for 30 gold pieces
   595 | D        | Bought a potion of heal wounds for 55 gold pieces
   595 | D        | Bought a potion of heal wounds for 55 gold pieces
   595 | D        | Bought a potion of heal wounds for 55 gold pieces
   595 | D        | Bought a potion of lignification for 33 gold pieces
   600 | D        | Killed Menkaure
   639 | D        | Noticed Kirke
   639 | D        | Noticed a skeletal warrior
   656 | D        | Killed Kirke
   658 | D        | Received a gift from Trog
   660 | D        | Noticed a centaur warrior
   662 | D        | Killed a skeletal warrior
   663 | D        | Reached skill level 22 in Unarmed Combat
   673 | D        | Killed a centaur warrior
   713 | D        | Noticed a yaktaur captain
   725 | D        | Reached ****** piety under Trog
   729 | D        | Killed a yaktaur captain
   730 | D        | Reached skill level 23 in Unarmed Combat
   746 | D        | Received a gift from Trog
   757 | D        | Noticed an ice dragon
   766 | D        | Killed an ice dragon
   810 | D        | Noticed an iron elemental
   815 | D        | Killed an iron elemental
   828 | D        | Reached skill level 24 in Unarmed Combat
   831 | D        | Received a gift from Trog
   856 | D        | Found Guaph's Armour Emporium.
   856 | D        | Found Vuob's Antique Weapon Shop.
   857 | D        | Found Fabbuuni's Jewellery Shop.
   857 | D        | Found Awkaiciasch's Armour Shoppe.
   857 | D        | Found Xoheweonk's Antique Armour Boutique.
   857 | D        | Found Tucreur's Armour Emporium.
   857 | D        | Found Ysmoqar's General Store.
   857 | D        | Found Zoraid's Antique Weapon Shoppe.
   857 | D        | Found Duteb's Armour Boutique.
   857 | D        | Found Xeonet's Jewellery Emporium.
   857 | D        | Found Ovokibea's General Store.
   857 | D        | Found Ruco's Antique Armour Shoppe.
   864 | D        | Bought an embroidered scarf for 168 gold pieces
   864 | D        | Bought a glowing scarf for 168 gold pieces
   876 | D        | Bought a +1 cloak of preservation for 181 gold pieces
   887 | D        | Bought a scroll of identify for 26 gold pieces
   889 | D        | Bought a scroll of blinking for 97 gold pieces
   889 | D        | Bought a scroll of acquirement for 676 gold pieces
   889 | D        | Bought a potion of heal wounds for 65 gold pieces
   889 | D        | Acquired a manual of Fighting
   975 | D        | Noticed a golden dragon
   984 | D        | Killed a golden dragon
   985 | D        | Reached skill level 15 in Fighting
   985 | D        | Reached XP level 12. HP: 128/141 MP: 11/11
  1026 | D        | Found Dareb's Assorted Antiques.
  1026 | D        | Found Hixe's Book Shoppe.
  1026 | D        | Found Yluiph's Book Shop.
  1026 | D        | Found Omerghod's Weapon Boutique.
  1026 | D        | Noticed a storm dragon
  1031 | D        | Killed a storm dragon
  1032 | D        | Reached skill level 25 in Unarmed Combat
  1041 | D        | Bought a fuming coppery potion for 23 gold pieces
  1041 | D        | Bought a scroll labelled DIMAED VUCH for 26 gold pieces
  1052 | D        | Noticed a cacodemon
  1052 | D        | Gained mutation: Armour fits poorly on your strangely
                  | shaped body. [a cacodemon]
  1053 | D        | Noticed a golden dragon
  1053 | D        | Noticed a bone dragon
  1055 | D        | Noticed a deep elf high priest
  1084 | D        | Killed a bone dragon
  1087 | D        | HP: 7/214 [golden dragon (10)]
  1087 | D        | Slain by a golden dragon

Illustrated notes

Levels and vault maps discovered:
D:        the_violet_keep_of_menkaure [sprint2_stairs_cluster_1,
          sprint2_shoproom, sprint2_temple, sprint2_basic_supplies,
          sprint2_obstacle_3, sprint2_obstacle_4, sprint2_obstacle_5,
          sprint2_obstacle_6, sprint2_obstacle_1, sprint2_timed_cluster_1,
          sprint2_smallroom_cluster_1, sprint2_smallroom_final_cluster_1,
          sprint2_transparent_cluster_1, sprint2_second_timed_cluster_1,
          sprint2_sniper_area_1, sprint2_heavy_combat_area_1,
          sprint2_mutation_trap_area_1, sprint2_forest_area_1,
          sprint2_light_combat_area_1, sprint2_behind_water_1,
          sprint2_near_end_vault_1]

Skill      XL: |  1  2  3  4  5  6  7  8  9 10 11 12 |
---------------+-------------------------------------+-----
Fighting       | 8 9 10 11 13 15 | 15.6
Unarmed Combat | 10 11 13 15 18 21 24 25 | 25.6
Dodging        | |  2.4

Action                   |  1- 3 |  4- 6 |  7- 9 | 10-12 || total
-------------------------+-------+-------+-------+-------++-------
Melee: Unarmed           |     6 |     6 |    56 |   123 ||   191
       Punch             |       |       |     4 |    14 ||    18
Invok: Berserk           |     1 |     1 |     3 |     7 ||    12
       Trog's Hand       |       |       |     6 |     9 ||    15
  Use: Scroll            |       |       |     5 |     7 ||    12
       Potion            |       |       |     1 |    10 ||    11
Armor: Animal skin       |     1 |       |     6 |    35 ||    42
       Ice dragon scales |       |       |       |    22 ||    22
Dodge: Dodged            |     1 |     1 |    14 |    44 ||    60

Table legend: (Time is in decaauts)
 A = Elapsed time spent in this place.
 B = Non-inter-level travel time spent in this place.
 C = Inter-level travel time spent in this place.
 D = Time resting spent in this place.
 E = Time spent auto-exploring this place.
 F = Levels seen in this place.
 G = Mean time per level.
                   A        B        C        D        E       F      G
               +--------+--------+--------+--------+--------+-----+--------+
         Total |   1147 |   1147 |      0 |    257 |    109 |   1 | 1147.0 |
       Dungeon |   1147 |   1147 |      0 |    257 |    109 |   1 | 1147.0 |
               +--------+--------+--------+--------+--------+-----+--------+

Top non-repeatable levels by time:
       D: 1147 daAuts
